 Dungeon Crawl Stone Soup version 0.18-a0-1702-gd20c6a5 (webtiles) character file.

2094 azaza322 the Blocker (level 9, -9/56 HPs)
             Began as a Gargoyle Fighter on Apr 7, 2016.
             Was a Follower of Okawaru.
             Splashed by Joseph's acid (13 damage)
             ... on level 7 of the Dungeon.
             The game lasted 00:16:22 (5345 turns).

azaza322 the Blocker (Gargoyle Fighter)             Turns: 5345, Time: 00:16:22

Health: -9/56      AC: 10    Str: 21    XL:     9   Next: 27%
Magic:  9/9        EV:  9    Int: 10    God:    Okawaru [*.....]
Gold:   312        SH: 11    Dex: 10    Spells: 0 memorised, 8 levels left

rFire  + . .     SeeInvis .     s - +2 whip (freeze)
rCold  + . .     Gourm    .     n - +4 scale mail
rNeg   + . .     Faith    .     c - +0 shield
rPois  ∞         Spirit   .     (no helmet)
rElec  +         Dismiss  .     (no cloak)
rCorr  .         Reflect  .     l - +0 pair of gloves
SustAt .         Harm     .     (no boots)
MR     .....     Rnd*Rage +     (no amulet)
Stlth  ..........               b - ring of protection from cold
                                e - ring of protection from fire

@: corroded, not resistant to hostile enchantments, extremely unstealthy
A: berserk 1, negative energy resistance 1, electricity resistance, unbreathing,
petrification resistance, rot immunity, AC +5
a: Heroism, Renounce Religion


You were on level 7 of the Dungeon.
You worshipped Okawaru.
Okawaru was aware of your devotion.
You were hungry.

You visited 1 branch of the dungeon, and saw 7 of its levels.

You collected 312 gold pieces.

Inventory:

Hand Weapons
 a - a +0 flail
 s - a +2 whip of freezing (weapon)
Missiles
 h - 3 poisoned tomahawks (quivered)
Armour
 c - a +0 shield (worn)
 l - a +0 pair of gloves (worn)
 n - a +4 scale mail (worn)
 v - a +0 gold dragon armour
Jewellery
 b - a ring of protection from cold (right hand)
 e - a ring of protection from fire (left hand)
 y - an uncursed amulet of the gourmand {unknown}
Wands
 u - a wand of polymorph (17/24)
 z - a wand of lightning (4/15)
Scrolls
 f - 2 scrolls of amnesia {unknown}
 j - 8 scrolls of identify
 m - 2 scrolls of remove curse
 o - 2 scrolls of recharging
 p - a scroll of enchant weapon {unknown}
 q - 3 scrolls of teleportation
 r - a scroll of magic mapping {unknown}
 w - a scroll of random uselessness {unknown}
 C - 3 scrolls of acquirement {unknown}
Potions
 d - a potion of might
 g - a potion of flight
 k - a potion of heal wounds
 x - 2 potions of agility
 A - a potion of curing {unknown}
Books
 B - a book of Cantrips

   Spells                             Type                      Level
   a - Corona                         Hexes                        1
   b - Animate Skeleton               Necromancy                   1
   c - Summon Small Mammal            Summoning                    1
   d - Apportation                    Translocation                1
Comestibles
 i - 2 meat rations
 t - a beef jerky
 D - a bread ration


   Skills:
 + Level 6.6 Fighting
 + Level 5.7 Maces & Flails
 + Level 7.1 Armour
 - Level 1.2 Dodging
 - Level 0.2 Stealth
 + Level 8.3 Shields


You had 8 spell levels left.
You didn't know any spells.

Dungeon Overview and Level Annotations

Branches:
Dungeon (7/15)             Temple (0/1) D:6

Altars:
Elyvilon
Okawaru
Pakellas
Zin
The Shining One

Annotations:
D:4 Grinder
D:7 Joseph


Innate Abilities, Weirdness & Mutations

You are resistant to torment.
Your stone body is resilient (AC +5).
You are immune to poison.
You resist negative energy.
You are resistant to electric shocks.
You can survive without breathing.
You are immune to petrification.
You are immune to rotting.
You tend to lose your temper in combat.


Message History

You block Joseph's attack.
You hit Joseph but do no damage.
Joseph is lightly wounded.
The crimson imp barely misses you.
You barely miss Joseph.
Joseph is lightly wounded.
You block Joseph's attack.
The crimson imp hits you but does no damage.
You hit Joseph but do no damage.
Joseph is lightly wounded.
Joseph hits you but does no damage. The crimson imp closely misses you.
You hit Joseph but do no damage.
Joseph is lightly wounded.
Joseph zaps a wand.
The bolt of acid hits you!
The acid burns!
The crimson imp hits you but does no damage.
The crimson imp blinks!
You block Joseph's attack.
Joseph zaps a wand.
The bolt of acid hits you!
* * * LOW HITPOINT WARNING * * *
The acid corrodes you!
The acid burns!
You die...

####### ##.....## ##.......##
#.........# #.........#
#..<......# #.........# ##
##########.........# ####.
.......@...........#
.##....########.§..............
........[.....@.##.........#....
.........#########.........##...
#####).## #.........# ... ##..#
##.......... .. ##.# #####
.......###.# #)#...... ..####.##
.# #(....... . .#


You could see Joseph.

Vanquished Creatures
  Pikel (D:5)
  Eustachio (D:5)
  Duvessa (D:7)
  An ice beast (D:7)
  A sky beast (D:4)
  An ogre (D:6)
  2 centaurs
  A giant frog (D:6)
  Dowan (D:6)
  2 scorpions
  A centaur zombie (D:5)
  2 crimson imps (D:5)
  2 giant frog zombies
  2 jellies
  A hound (D:6)
  2 orc wizards
  3 giant frog skeletons
  An iguana (D:5)
  5 worker ants
  3 worker ant zombies
  A howler monkey zombie (D:5)
  A gnoll (D:5)
  7 adders
  A shadow imp (D:5)
  3 worms (D:2)
  3 dart slugs
  A giant gecko (D:5)
  16 orcs
  2 giant cockroaches
  10 hobgoblins
  2 jackals (D:7)
  13 kobolds
  2 quokkas
  2 ball pythons
  3 bats
  2 giant gecko zombies (D:1)
  4 giant newts
  8 goblins
  A jackal skeleton (D:5)
  9 rats
125 creatures vanquished.

Notes
Turn   | Place    | Note
--------------------------------------------------------------
     0 | D:1      | azaza322 the Gargoyle Fighter began the quest for the Orb.
     0 | D:1      | Reached XP level 1. HP: 14/14 MP: 1/1
    78 | D:1      | Reached XP level 2. HP: 10/19 MP: 2/2
   125 | D:1      | You fall through a shaft!
   405 | D:2      | Reached XP level 3. HP: 23/23 MP: 3/3
   699 | D:2      | Reached skill level 4 in Shields
   741 | D:1      | Reached XP level 4. HP: 28/28 MP: 4/4
   757 | D:1      | Reached skill level 1 in Dodging
  2174 | D:3      | Reached XP level 5. HP: 33/33 MP: 5/5
  2670 | D:4      | Noticed a sky beast
  2697 | D:4      | Killed a sky beast
  2697 | D:4      | Reached XP level 6. HP: 29/38 MP: 6/6
  2701 | D:4      | Gained mutation: You tend to lose your temper in combat. [mutagenic meat]
  3002 | D:4      | Noticed Grinder
  3073 | D:4      | Reached skill level 5 in Shields
  3075 | D:5      | Entered Level 5 of the Dungeon
  3106 | D:5      | Reached XP level 7. HP: 4/44 MP: 7/7
  3428 | D:5      | Reached skill level 5 in Armour
  3520 | D:5      | Noticed Pikel
  3533 | D:5      | Reached skill level 5 in Fighting
  3563 | D:5      | Killed Pikel
  3563 | D:5      | Reached skill level 6 in Shields
  3563 | D:5      | Reached XP level 8. HP: 25/50 MP: 8/8
  4218 | D:5      | Noticed Eustachio
  4249 | D:5      | Killed Eustachio
  4249 | D:5      | Reached skill level 5 in Maces & Flails
  4249 | D:5      | Reached skill level 7 in Shields
  4436 | D:5      | Found an iron altar of Okawaru.
  4446 | D:5      | Became a worshipper of Warmaster Okawaru
  4511 | D:5      | Found a glowing silver altar of Zin.
  4512 | D:5      | Found a glowing golden altar of the Shining One.
  4513 | D:5      | Found a white marble altar of Elyvilon.
  4607 | D:6      | Found a staircase to the Ecumenical Temple.
  4817 | D:6      | Reached XP level 9. HP: 56/56 MP: 9/9
  4827 | D:6      | Found an oddly glowing altar of Pakellas.
  5097 | D:7      | Reached skill level 8 in Shields
  5133 | D:7      | Noticed Duvessa
  5133 | D:7      | Noticed Dowan
  5134 | D:7      | Noticed Joseph
  5134 | D:7      | Reached * piety under Okawaru
  5185 | D:7      | Killed Duvessa
  5240 | D:6      | Killed Dowan
  5345 | D:7      | Splashed by Joseph's acid

Vault maps used:
D:1:      saegor_arrival_fortress, st_stairs_6
D:4:      lemuel_crystal_altar, first_bread, uniq_grinder
D:5:      kennysheep_windowed_halls, good_gods_temple_1,
          kennysheep_okawaru_gauntlet, uniq_pikel, uniq_eustachio
D:6:      grunt_pakellas_basics, minmay_temple_entry_statues, solitary_fountain
D:7:      serial_shops, shop, shop, shop, kennysheep_generic_room_4,
          uniq_duvessa, uniq_joseph, uniq_menkaure

Skill      XL: |  1  2  3  4  5  6  7  8  9 |
---------------+----------------------------+-----
Shields        | 4 5 6 7 8 |  8.3
Dodging        | 1 |  1.2
Armour         | 4 5 6 7 |  7.1
Fighting       | 4 5 6 |  6.6
Maces & Flails | 3 4 5 |  5.7
Stealth        | |  0.2

Action                   |  1- 3 |  4- 6 |  7- 9 || total
-------------------------+-------+-------+-------++-------
Melee: Flail             |    91 |   211 |    63 ||   365
       Whip              |       |       |   363 ||   363
  Use: Scroll            |       |     6 |       ||     6
       Potion            |       |     3 |     1 ||     4
  Eat: Chunk             |       |     7 |     7 ||    14
       Bread ration      |       |     1 |       ||     1
